 Dungeon Crawl Stone Soup version 0.29.1-2-gbd0b4ee654 (webtiles) character file.

Game seed: 18066897679808344011

0 Descartes the Vexing (level 1, -1/11 HPs)
             Began as a Felid Wanderer on Nov 5, 2022.
             Slain by a ball python (3 damage)
             ... on level 1 of the Dungeon.
             The game lasted 00:00:19 (120 turns).

Descartes the Vexing (Felid Wanderer)                Turns: 120, Time: 00:00:19

Health: -1/11      AC:  1    Str:  7    XL:     1   Next: 8%
Magic:  3/3        EV: 15    Int: 15    God:
Gold:   12         SH:  0    Dex: 14    Spells: 1/2 levels left
                                        Lives:  0   Deaths: 0

rFire   . . .      SeeInvis +   (weapon unavailable)
rCold   . . .      Faith    .   (shield unavailable)
rNeg    . . .      Spirit   .   (body armour unavailable)
rPois   .          Reflect  .   (helmet unavailable)
rElec   .          Harm     .   (cloak unavailable)
rCorr   .          Rampage  .   (gloves unavailable)
Will    .....                   (boots unavailable)
Stlth   +.........              (no amulet)
HPRegen 0.03/turn               (no ring)
MPRegen 0.08/turn               (no ring)

@: quick
A: very small, claws 1, fangs 3, see invisible, speed 1, shaggy fur 1, stealthy
paws, no weapons or thrown items, no armour, multi-lived
a: no special abilities


You were on level 1 of the Dungeon.
You visited 1 branch of the dungeon, and saw 1 of its levels.

You collected 12 gold pieces.

Inventory:

Scrolls
 a - a scroll of silence
 b - a scroll of teleportation
Potions
 c - a potion of curing
 d - a potion of might {unknown}
 e - a potion of degeneration {unknown}


   Skills:
 + Level 4.0 Fighting
 + Level 1.0 Spellcasting
 + Level 7.2 Hexes


You had one spell level left.
You knew the following spells:

 Your Spells              Type           Power      Damage    Failure   Level
a - Slow                  Hex            88%        N/A       1%          1

Your spell library contained the following spells:

 Spells                   Type           Power      Damage    Failure   Level
 Ensorcelled Hibernation  Hex/Ice        22%        N/A       9%          2
 Inner Flame              Hex/Fire       11%        N/A       17%         3


Dungeon Overview and Level Annotations

Branches:
Dungeon (1/15)

Altars:


Innate Abilities, Weirdness & Mutations

You have sharp claws.
You have razor-sharp teeth.
You have supernaturally acute eyesight. (SInv)
You cover ground quickly. (Speed+)
You are covered in fur. (AC +1)
Your paws help you pounce on unaware monsters.
You are incapable of wielding weapons or throwing items.
You cannot wear armour.
You gain extra lives every three experience levels.


Message History

Found a robe.
The ball python hisses angrily.
You hear a shout! x2
The kobold shouts!
You scratch the bat but do no damage. Your bite misses the bat.
The bat hits you.
A goblin comes into view. It is wielding a +0 dagger.
A quokka comes into view.
Found a rapier.
The ball python closely misses you. The ball python grabs you.
The ball python constricts you.
You are too injured to fight recklessly!
You are too injured to fight recklessly!
You are too injured to fight recklessly!
You are too injured to fight recklessly!
You are too injured to fight recklessly!
You are too injured to fight recklessly!
You are too injured to fight recklessly!
You are too injured to fight recklessly!
You are too injured to fight recklessly!
You are too injured to fight recklessly!
You are too injured to fight recklessly!
You escape the ball python's grasp.
The bat attacks as you move away! The bat misses you.
The bat completely misses you.
You scratch the bat but do no damage. The bat closely misses you.
The bat hits you but does no damage.
A goblin comes into view. It is wielding a +0 club.
The bat barely misses you. The bat misses you. The bat closely misses you.
The bat attacks as you move away! The bat hits you. The bat closely misses you.
The quokka twitches its whiskers.
The ball python bites you.
* * * LOW HITPOINT WARNING * * *
The ball python misses you.
You scratch the ball python but do no damage.
The ball python bites you.
* * * LOW HITPOINT WARNING * * *
The ball python misses you.
You barely miss the ball python. Your bite misses the ball python.
The ball python bites you.
You die...

### ### .. ..# .##.# #########
..#.# #.......# #...#
#.#####.# #.#.# #####.#####.#
.. #.#.#######........##.##
....###K.gKKgrbS@.###..#.##..#
#.....g#########.###..#.♣#♣.♣
[..#..#.# #.##.........#
#$)#.# #######.##.#.##♣...♣
####.# #............#.....# ..
..# #......##......♣#♣.♣ ..###
#......##.####..#..# .#
#.(....##.# ##...## .
#......##.# #.###


You could see a quokka, 2 goblins, a bat, a ball python and 2 kobolds.

Vanquished Creatures
  A rat (D:1)
1 creature vanquished.

Notes
Turn   | Place    | Note
-------+----------+-------------------------------------------
     0 | D:1      | Descartes the Felid Wanderer began the quest for the Orb.
     0 | D:1      | Descartes set off with the following items: a scroll of
                  | silence, a scroll of teleportation, a potion of curing; and
                  | the following spell memorised: Slow; and the following
                  | spells available to memorise: Ensorcelled Hibernation,
                  | Inner Flame.
     0 | D:1      | Reached XP level 1. HP: 11/11 MP: 3/3
   120 | D:1      | Slain by a ball python

Illustrated notes

Levels and vault maps discovered:
D:1:      roderic_chinese_lattice_arrival, layout_loops_cross, serial_forest,
          infiniplex_forest_clump_tiny, infiniplex_forest_lined_room_,
          infiniplex_forest_clump_long, infiniplex_forest_lined_corner,
          hellmonk_ecumenical_altar_pennies_from_heaven, minmay_octomino_c4

Action                   || total
-------------------------++-------
Melee: Unarmed           ||     8
Armor: Skin              ||     2
Dodge: Dodged            ||    11
